Map: Station Proxima EC

Players

mix

  • Race: Protoss Protoss
  • League: Gold
  • Spawn Location: 1:00

zidar - Winner!

  • Race: Zerg Zerg
  • League: Gold
  • Spawn Location: 7:00

VOD

Have the link to the VOD?

Description

Time

  • Played on: July 10, 2017, 3:10 p.m.
  • Length: 16:42
Show
View Real Time Build Order
Export as new Build Order

mix Protoss 

Build Orders:  

Get SALT Encoding   

  12  0:04  Probe (Chrono Boost)  
  13  0:15  Probe (Chrono Boost)  
  14  0:25  Probe (Chrono Boost)  
  14  0:28  Pylon  
  15  0:46  Probe (Chrono Boost), Gateway  
  16  0:54  Assimilator  
  16  0:56  Probe (Chrono Boost)  
  17  0:58  Assimilator  
  17  1:07  Probe (Chrono Boost), Pylon  
  18  1:18  Probe (Chrono Boost)  
  19  1:28  Probe (Chrono Boost)  
  20  1:36  Cybernetics Core  
  20  1:39  Probe (Chrono Boost)  
  21  1:47  Forge  
  21  1:49  Probe (Chrono Boost)  
  22  2:00  Probe (Chrono Boost)  
  23  2:06  Pylon  
  23  2:22  Warp Gate (Chrono Boost)  
  25  2:23  Mothership Core (Chrono Boost)  
  25  2:28  Stalker  
  27  2:34  Photon Cannon  
  27  2:48  Robotics Facility  
  27  2:55  Photon Cannon  
  27  3:25  Gateway  
  27  3:31  Twilight Council  
  27  3:35  Immortal  
  27  3:40  Stalker  
  33  4:13  Blink  
  33  4:14  Observer  
  34  4:45  Stalker  
  36  5:05  Pylon  
  36  5:07  Pylon  
  36  5:13  Nexus  
  36  5:17  Sentry  
  38  5:23  Immortal  
  38  5:24  Sentry  
  44  6:04  Probe  
  44  6:06  Robotics Bay  
  44  6:09  Pylon  
  45  6:12  Stalker  
  45  6:13  Pylon, Stalker  
  45  6:16  Probe  
  50  6:22  Gateway  
  50  6:25  Gateway  
  50  6:28  Probe  
  41  6:47  Adept x2  
  41  6:54  Colossus  
  45  7:00  Probe  
  51  7:05  Assimilator  
  52  7:08  Assimilator  
  52  7:11  Probe  
  53  7:31  Sentry x2  
  57  8:06  Probe  
  57  8:08  Stargate  
  58  8:17  Probe  
  59  8:27  Probe  
  59  8:30  Nexus  
  59  8:32  Photon Cannon, Pylon  
  60  8:34  Photon Cannon, Pylon x2  
  60  8:38  Probe  
  49  8:49  Probe  
  46  8:57  Stalker x3  
  46  8:59  Probe  
  45  9:19  Phoenix  
  47  9:31  Stalker  
  47  9:32  Fleet Beacon, Probe  
  50  9:38  Mothership  
  50  9:51  Photon Cannon  
  50  9:55  Photon Cannon  
  50  9:57  Probe  
  51  10:12  Phoenix (Chrono Boost)  
  59  10:30  Photon Cannon  
  59  10:34  Probe  
  59  10:42  Probe  
  60  10:44  Probe  
  62  10:53  Probe  
  62  10:55  Probe  
  64  10:57  Assimilator  
  64  11:03  Probe, Phoenix (Chrono Boost)  
  67  11:18  Dark Shrine  
  67  11:25  Phoenix (Chrono Boost)  
  69  11:40  Probe  
  69  11:42  Photon Cannon  
  69  11:44  Colossus  
  76  11:50  Probe  
  76  11:52  Protoss Air Weapons Level 1  
  76  11:53  Protoss Shields Level 1  
  83  12:01  Probe  
  84  12:08  Gateway  
  84  12:09  Stargate  
  84  12:10  Carrier (Chrono Boost)  
  84  12:39  Dark Templar, Immortal  
  84  12:40  Dark Templar x2  
  84  12:41  Dark Templar  
  94  13:25  Carrier (Chrono Boost)  
  94  13:31  Warp Prism  
  100  13:42  Void Ray (Chrono Boost)  
  100  13:57  Assimilator  
  100  14:12  Nexus  
  80  14:20  Void Ray (Chrono Boost)  
  80  14:24  Adept x5  
  55  14:50  Sentry x2  
  59  15:06  Zealot  
  57  15:07  Zealot x2  
  61  15:18  Mothership Core  
  60  15:34  Pylon  
  60  15:35  Pylon  
  60  15:53  Probe  
  61  15:58  Gateway  
  61  16:00  Gateway  
  61  16:01  Gateway  
  61  16:02  Pylon  
  61  16:04  Probe, Pylon  
  62  16:14  Probe  
  61  16:25  Probe  
Show
View Real Time Build Order
Export as new Build Order

zidar Zerg - Winner!

Build Orders: Pool First, Brood Lord Corruptor, Muta Ling Bane 

Get SALT Encoding   

  12  0:02  Drone  
  13  0:13  Overlord  
  13  0:20  Drone  
  14  0:31  Drone x2  
  14  0:35  Drone  
  17  0:48  Spawning Pool  
  16  0:50  Drone  
  17  1:14  Hatchery  
  17  1:15  Drone  
  17  1:20  Extractor  
  16  1:25  Drone  
  17  1:34  Queen  
  17  1:37  Drone  
  20  1:41  Overlord  
  20  1:57  Drone  
  20  2:00  Drone  
  22  2:10  Queen  
  24  2:26  Drone x4  
  28  2:48  Overlord  
  28  2:49  Drone x5  
  32  3:01  Roach Warren, Extractor  
  32  3:05  Drone x2  
  32  3:08  Drone  
  33  3:24  Metabolic Boost  
  33  3:28  Drone  
  33  3:29  Drone x7  
  41  3:34  Queen  
  41  3:38  Overlord  
  43  3:42  Overlord  
  43  3:57  Zergling x6  
  43  3:58  Zergling x8  
  50  4:16  Queen  
  51  4:44  Hatchery  
  50  4:59  Overlord x2  
  50  5:00  Overlord  
  50  5:03  Lair  
  50  5:11  Baneling Nest  
  50  5:12  Overlord x3  
  49  5:31  Extractor  
  49  5:32  Extractor  
  49  5:34  Drone x6  
  49  5:35  Drone x2  
  54  5:42  Zergling x8  
  59  6:06  Baneling x3  
  59  6:07  Baneling x5  
  59  6:10  Zergling x18  
  68  6:20  Drone x5  
  66  6:38  Baneling x8  
  66  6:40  Centrifical Hooks  
  66  6:52  Drone  
  66  6:53  Drone x9  
  66  6:54  Drone x4  
  80  7:14  Evolution Chamber  
  79  7:17  Evolution Chamber  
  78  7:23  Spire  
  78  7:28  Extractor  
  76  7:30  Extractor  
  75  7:42  Zergling x22  
  86  7:47  Zerg Ground Armor Level 1  
  86  7:48  Zerg Melee Weapons Level 1  
  86  7:54  Overseer  
  86  7:55  Overseer  
  86  8:08  Drone x4  
  86  8:10  Infestation Pit  
  89  8:22  Queen  
  89  8:25  Drone  
  89  8:26  Drone x4  
  82  8:45  Zergling x4  
  82  8:46  Zergling x34  
  85  9:17  Queen  
  85  9:20  Baneling  
  85  9:21  Baneling x7  
  87  9:32  Hive  
  87  9:40  Corruptor x3  
  87  9:41  Mutalisk  
  87  9:43  Corruptor x2  
  99  9:47  Zergling x2  
  99  9:48  Zergling x10  
  105  10:03  Zerg Melee Weapons Level 2  
  105  10:04  Zerg Ground Armor Level 2  
  105  10:07  Hatchery  
  104  10:18  Overlord x5  
  104  10:19  Overlord x2  
  104  10:47  Zergling x28  
  118  10:54  Greater Spire  
  118  11:00  Corruptor x3  
  118  11:01  Corruptor  
  118  11:02  Zergling x14  
  133  11:17  Zergling x6  
  136  11:20  Adrenal Glands  
  136  11:39  Zergling x2  
  141  11:40  Zergling x24  
  141  11:46  Baneling x15  
  149  12:13  Overlord x2  
  149  12:14  Overlord  
  149  12:20  Brood Lord x9  
  167  12:33  Corruptor x2  
  167  12:34  Corruptor x4  
  167  12:35  Corruptor x2  
  183  12:39  Hatchery  
  183  12:40  Overlord x3  
  182  12:56  Baneling  
  182  12:57  Baneling x6  
  182  12:59  Zergling x16  
  182  13:00  Zergling x12  
  196  13:31  Spore Crawler  
  195  13:39  Spine Crawler  
  194  13:41  Spine Crawler  
  194  13:43  Spine Crawler  
  194  13:46  Spore Crawler, Spine Crawler  
  190  13:51  Spine Crawler  
  190  13:53  Spine Crawler  
  190  13:54  Spine Crawler  
  156  14:36  Corruptor x4  
  156  14:37  Corruptor x4  
  156  14:38  Corruptor x3  
  165  14:39  Corruptor  
  115  15:18  Corruptor x2  
  115  15:19  Corruptor x4  
  115  15:20  Corruptor x3  
  115  15:21  Mutalisk x2  
  93  15:46  Zergling x18  
Tags
 
Add a new tag
Caveats
  • Supply blocks, unpowered buildings, or Contaminate may cause inaccurate times.
  • Supply counts are checked every 10 seconds.